 Dungeon Crawl Stone Soup version 0.28.0-53-g5a82cb258f (webtiles) character file.

Game seed: 8488722776840285084

501 selky the Chopper (level 6, 0/55 HPs)
             Began as a Deep Dwarf Fighter on July 1, 2022.
             Slain by a gnoll
             ... wielding a +0 flail
              (8 damage)
             ... on level 5 of the Dungeon.
             The game lasted 00:04:53 (3232 turns).

selky the Chopper (Deep Dwarf Fighter)              Turns: 3232, Time: 00:04:54

Health: 0/55       AC: 10    Str: 24    XL:     6   Next: 95%
Magic:  4/4        EV:  7    Int:  8    God:
Gold:   266        SH:  5    Dex: 12    Spells: 5/5 levels left

rFire   . . .      SeeInvis .   a - +0 war axe
rCold   + . .      Faith    .   c - +0 buckler
rNeg    . . .      Spirit   .   w - +0 chain mail of the Hart {rC+ Str+2}
rPois   .          Reflect  .   (no helmet)
rElec   .          Harm     .   (no cloak)
rCorr   .          Rampage  .   z - +0 pair of gloves
Will    .....                   (no boots)
Stlth   ..........              (no amulet)
HPRegen 0.00/turn               (no ring)
MPRegen 0.09/turn               (no ring)

@: no status effects
A: damage resistance, heal wounds, sense surroundings 1, no regeneration
a: Heal Wounds


You were on level 5 of the Dungeon.
You visited 1 branch of the dungeon, and saw 5 of its levels.

You collected 266 gold pieces.

Inventory:

Hand Weapons
 a - a +0 war axe (weapon)
Armour
 b - a +0 scale mail
 c - a +0 buckler (worn)
 w - the +0 chain mail of the Hart (worn) {rC+ Str+2}
   (You found it on level 4 of the Dungeon)

   Str:       It affects your strength (+2).
   rC:        It protects you from cold.
 z - a +0 pair of gloves (worn)
Jewellery
 v - a +6 ring of dexterity
Wands
 n - a wand of iceblast (9)
 r - a wand of digging (2)
Scrolls
 e - a scroll of brand weapon {unknown}
 f - a scroll of torment {unknown}
 i - a scroll of acquirement {unknown}
 l - a scroll of enchant weapon {unknown}
 o - a scroll of magic mapping {unknown}
 q - 6 scrolls of identify {unknown}
 x - a scroll of fear {unknown}
 y - a scroll of fog {unknown}
Potions
 d - 2 potions of might
 g - a potion of berserk rage {unknown}
 h - 3 potions of heal wounds {unknown}
 j - a potion of degeneration {unknown}
 k - 4 potions of lignification {unknown}
 m - a potion of invisibility {unknown}
 p - a potion of attraction {unknown}
 s - a potion of mutation {unknown}
 t - a potion of haste {unknown}
 u - a potion of ambrosia {unknown}


   Skills:
 - Level 2.6 Fighting
 + Level 7.4 Axes
 - Level 3.2 Armour
 + Level 4.9 Shields


You had 5 spell levels left.
You didn't know any spells.
Your spell library contained the following spells:

 Spells                   Type           Power      Damage    Failure   Level
 Animate Skeleton         Necr           0%         N/A       99%         1
 Freeze                   Ice            0%         1d3       99%         1
 Pain                     Necr           0%         1d4       99%         1
 Sandblast                Erth           0%         2d4       99%         1
 Passwall                 Tmut/Erth      0%         N/A       99%         2
 Frozen Ramparts          Ice            0%         1d2       100%        3
 Stone Arrow              Conj/Erth      0%         3d7       100%        3
 Tukima's Dance           Hex            0%         N/A       100%        3
 Vampiric Draining        Necr           0%         2d6       100%        3
 Hailstorm                Conj/Ice       0%         3d3       100%        4
 Passage of Golubria      Tloc           0%         N/A       100%        4
 Yara's Violent Unravell  Hex/Tmut       0%         3d3       100%        5


Dungeon Overview and Level Annotations

Branches:
Dungeon (5/15)
 Temple: D:4-7

Altars:
Dithmenos

Shops:
D:2 [   D:4 :   D:5 :[


Innate Abilities, Weirdness & Mutations

You are resistant to damage.
You can heal yourself by infusing magical energy.
You passively map a small area around you.
You do not regenerate.


Message History

A gnoll comes into view. It is wielding a +0 club.
There are monsters nearby!
There are monsters nearby!
There are monsters nearby!
You are too injured to fight recklessly!
A gnoll comes into view. It is wielding a +0 halberd.
The gnoll shouts! x2
A gnoll comes into view. It is wielding a +0 flail.
Found an escape hatch in the ceiling.
The gnoll barely misses you.
You hit the gnoll but do no damage. The gnoll barely misses you.
The gnoll shouts!
You hit the gnoll.
The gnoll is lightly wounded.
You block the gnoll's attack. The gnoll hits you with a +0 flail!
* * * LOW HITPOINT WARNING * * *
You barely miss the gnoll.
The gnoll is lightly wounded.
The gnoll hits you from afar with a +0 halberd!
* * * LOW HITPOINT WARNING * * *
The gnoll barely misses you.
You feel much better. The gnoll hits you with a +0 flail.
A hound zombie comes into view.
You fail to use your ability.
The gnoll hits you but does no damage. The gnoll hits you with a +0 flail.
You closely miss the gnoll. The gnoll barely misses you.
The gnoll hits you from afar with a +0 halberd!
* * * LOW HITPOINT WARNING * * *
The gnoll hits you with a +0 flail.
* * * LOW HITPOINT WARNING * * *
You hit the gnoll.
The gnoll is moderately wounded.
The gnoll hits you from afar with a +0 halberd.
* * * LOW HITPOINT WARNING * * *
The gnoll hits you but does no damage.
The hound zombie bites you but does no damage.
The hound zombie bites you but does no damage.
There is a stone staircase leading up here.
The gnoll hits you with a +0 flail!
You die...

.........$##.....##..#...
, #.......##....gg, ,,
#8...∩...8.######
###.....?.......#
#....@Z..####.# ,
###..g..## #g# #8....##
#.# * * ###...g# #g# *,
####g# #.# #.####.#####.
#...g........#
######.####### .#.# ,


You could see 3 gnolls and a hound zombie.

Vanquished Creatures
  A necrophage (D:4)
  A hound (D:4)
  A centaur zombie (D:4)
  2 jellies (D:4)
  2 orc priests (D:3)
  Terence (D:3)
  2 orc wizards
  6 adders
  2 adder skeletons (D:4)
  2 worms (D:2)
  4 dart slugs
  10 orcs
  7 ball pythons
  3 bats (D:3)
  8 endoplasms
  5 giant cockroaches
  7 goblins
  2 hobgoblins (D:3)
  3 jackals (D:1)
  6 quokkas
  3 frilled lizards
  4 kobolds
  6 rats
88 creatures vanquished.

Notes
Turn   | Place    | Note
-------+----------+-------------------------------------------
     0 | D:1      | selky the Deep Dwarf Fighter began the quest for the Orb.
     0 | D:1      | Reached XP level 1. HP: 20/20 MP: 1/1
   444 | D:1      | Reached XP level 2. HP: 13/27 MP: 2/2
   765 | D:2      | Found a faded altar of an unknown god.
   771 | D:2      | Found Neceemeck's Armour Boutique.
   797 | D:2      | Reached skill level 3 in Axes
   850 | D:2      | Reached XP level 3. HP: 33/33 MP: 3/3
   976 | D:2      | You fall into a shaft and drop 1 floor!
  1064 | D:3      | Reached XP level 4. HP: 21/40 MP: 4/4
  1070 | D:3      | Reached skill level 4 in Axes
  1070 | D:3      | Noticed Terence
  1086 | D:3      | Killed Terence
  1312 | D:3      | Reached skill level 5 in Axes
  1312 | D:3      | Reached XP level 5. HP: 11/46 MP: 4/4
  2093 | D:2      | Found a shadowy altar of Dithmenos.
  2408 | D:4      | Identified the +0 chain mail of the Hart {rC+ Str+2}
  2477 | D:4      | Reached skill level 6 in Axes
  2635 | D:4      | Found Zobux's Book Shoppe.
  2687 | D:4      | Reached XP level 6. HP: 42/55 MP: 4/4
  2773 | D:4      | Reached skill level 7 in Axes
  3185 | D:5      | Entered Level 5 of the Dungeon
  3185 | D:5      | Found Wihymi's Armour Boutique.
  3185 | D:5      | Found Nyekan's Book Shoppe.
  3232 | D:5      | Slain by a gnoll

Illustrated notes

Levels and vault maps discovered:
D:1:      heliophobic_arrival_glass_houses, layout_basic, grunt_decor_cap
D:2:      layout_rooms, basic_altar, serial_shops, nicolae_shop_window_shopping,
          ebering_ecumenical_altar_ruins, dk_vineyard_1, minmay_small_reverse_x
D:3:      layout_loops_corners, uniq_terence
D:4:      layout_basic, serial_shops, shop
D:5:      layout_loops_ring, serial_shops, nicolae_lakefront_shop,
          nicolae_stop_n_shop_1, shop_statue, fountainhead,
          nicolae_grassy_gnolls

Skill      XL: |  1  2  3  4  5  6 |
---------------+-------------------+-----
Shields        | 4 |  4.9
Axes           | 3 5 6 7 |  7.4
Fighting       | |  2.6
Armour         | |  3.2

Action                   |  1- 3 |  4- 6 || total
-------------------------+-------+-------++-------
Melee: War axe           |    90 |   192 ||   282
 Abil: Heal Wounds       |     1 |     5 ||     6
Armor: Scale mail        |    50 |    40 ||    90
       Chain mail        |       |    27 ||    27
Dodge: Dodged            |    42 |    80 ||   122
Block: Buckler           |    25 |    47 ||    72
